 Dungeon Crawl Stone Soup version 0.22.1-2-g9c5b331383 (webtiles) character file.

145 Knorr the Chopper (level 5, -3/49 HPs)
             Began as a Deep Dwarf Berserker on Dec 30, 2018.
             Was a Believer of Trog.
             Slain by a gnoll
             ... wielding a +0 spear
              (7 damage)
             ... on level 2 of the Dungeon.
             The game lasted 00:07:23 (958 turns).

Knorr the Chopper (Deep Dwarf Berserker)             Turns: 958, Time: 00:07:23

Health: -3/49      AC:  2    Str: 20    XL:     5   Next: 6%
Magic:  4/4        EV: 13    Int:  8    God:    Trog [**....]
Gold:   60         SH:  0    Dex: 13    Spells: 4/4 levels left

rFire    . . .     SeeInvis .   a - +1 hand axe
rCold    . . .     Gourm    .   (no shield)
rNeg     . . .     Faith    .   b - +0 animal skin
rPois    .         Spirit   .   (no helmet)
rElec    .         Reflect  .   (no cloak)
rCorr    .         Harm     .   (no gloves)
MR       .....                  (no boots)
Stlth    +.........             (no amulet)
HPRegen  0.00/turn              (no ring)
MPRegen  0.09/turn              (no ring)

@: berserk cooldown, non-regenerating, slowed, very slow
A: damage resistance, heal wounds, sense surroundings 1, no regeneration
a: Heal Wounds, Berserk, Trog's Hand, Renounce Religion


You were on level 2 of the Dungeon.
You worshipped Trog.
Trog was pleased with you.
You were very hungry.

You visited 1 branch of the dungeon, and saw 2 of its levels.

You collected 60 gold pieces.

Inventory:

Hand Weapons
 a - a +1 hand axe (weapon)
Armour
 b - a +0 animal skin (worn)
Jewellery
 d - a +1 ring of slaying {unknown}
Scrolls
 g - a scroll of teleportation
 i - a scroll of magic mapping {unknown}
Potions
 e - a potion of ambrosia {unknown}
 f - 2 potions of might {unknown}
Comestibles
 c - 5 rations
 h - 10 chunks of flesh


   Skills:
 + Level 3.3 Fighting
 + Level 5.0 Axes
 + Level 2.8 Armour
 + Level 3.2 Dodging
 + Level 0.1 Stealth


You had 4 spell levels left.
You didn't know any spells.
Your spell library was empty.

Dungeon Overview and Level Annotations

Branches:
Dungeon (2/15)

Altars:


Innate Abilities, Weirdness & Mutations

You are resistant to damage.
You can heal yourself by infusing magical energy.
You passively map a small area around you.
You do not regenerate.


Message History

The centaur closely misses you. The gnoll hits you but does no damage.
The centaur hits you.
* * * LOW HITPOINT WARNING * * *
You hit the centaur.
You kill the centaur!
Trog accepts your kill.
You can now call upon Trog for regeneration and magic resistance.
Your Axes skill increases to level 5!
Your Dodging skill increases to level 3!
You have reached level 5!
The gnoll hits you from afar with a spear.
* * * LOW HITPOINT WARNING * * *
The gnoll misses you. The gnoll closely misses you.
The gnoll hits you from afar with a spear.
* * * LOW HITPOINT WARNING * * *
Things that are here:
a shortbow; 15 arrows You barely miss the gnoll.
The gnoll hits you with a spear!
You die...

, * , * , , ....,, ,
, ...... * ...... *
,* ......#####** *
#.. ......... ,,, *
* #.....#......#####
,, ,
##.....#......>@gg#
*
........#.......##.#
* ........#.......#*
.. ,
................#*
*.# *
............)...# ,#
..........(.....#* ,
##...........<..# ,,
.#.......##.###.# *
, .'................
*


You could see 2 gnolls.

Vanquished Creatures
  A centaur (D:2)
  3 adders (D:2)
  2 gnolls (D:2)
  An orc (D:2)
  2 ball pythons
  2 giant cockroaches
  3 goblins (D:2)
  3 hobgoblins
  3 jackals (D:2)
  A bat (D:2)
  2 frilled lizards
  2 rats (D:1)
25 creatures vanquished.

Notes
Turn   | Place    | Note
-------+----------+-------------------------------------------
     0 | D:1      | Knorr the Deep Dwarf Berserker began the quest for the Orb.
     0 | D:1      | Reached XP level 1. HP: 20/20 MP: 1/1
   435 | D:2      | Reached XP level 2. HP: 27/27 MP: 2/2
   498 | D:2      | Reached XP level 3. HP: 25/34 MP: 3/3
   878 | D:2      | Reached skill level 4 in Axes
   945 | D:2      | Reached XP level 4. HP: 42/42 MP: 3/3
   948 | D:2      | Noticed a centaur
   956 | D:2      | Killed a centaur
   956 | D:2      | Reached ** piety under Trog
   956 | D:2      | Reached skill level 5 in Axes
   956 | D:2      | Reached XP level 5. HP: 11/49 MP: 4/4
   958 | D:2      | Slain by a gnoll

Skill      XL: |  1  2  3  4 |
---------------+-------------+-----
Fighting       | 3 |  3.3
Axes           | 4 5 |  5.0
Dodging        | 3 |  3.2
Armour         | |  2.8
Stealth        | |  0.1

Action                   |  1- 3 |  4- 6 || total
-------------------------+-------+-------++-------
Melee: Hand axe          |    70 |     7 ||    77
Invok: Berserk           |     1 |       ||     1
 Abil: Heal Wounds       |     2 |       ||     2
  Use: Scroll            |     3 |       ||     3
Armor: Animal skin       |    13 |     2 ||    15
Dodge: Dodged            |    54 |    19 ||    73
